 Dungeon Crawl Stone Soup version 0.29.1-12-g30fa7ad0bf (webtiles) character file.

Game seed: 14976220263364024242

3160 funkygono the Arsonist (level 9, -7/59 HPs)
             Began as a Demonspawn Fire Elementalist on Jan 2, 2023.
             Was a Follower of Vehumet.
             Mangled by Harold
             ... wielding a +6 vorpal long sword
              (14 damage)
             ... on level 9 of the Dungeon.
             The game lasted 00:15:00 (8358 turns).

funkygono the Arsonist (DsFE)                       Turns: 8358, Time: 00:15:00

Health: -7/59      AC:  8    Str:  8    XL:     9   Next: 62%
Magic:  16/21      EV: 13    Int: 21    God:    Vehumet [*.....]
Gold:   391        SH:  0    Dex: 14    Spells: 13/24 levels left

rFire   + . .      SeeInvis +   t - +2 lajatang "Pih Ruff" {freeze, rC+ SInv}
rCold   + . .      Faith    .   (shield currently unavailable)
rNeg    . . .      Spirit   .   a - +0 robe
rPois   .          Reflect  .   w - +2 hat
rElec   .          Harm     .   d - +1 cloak
rCorr   .          Rampage  .   v - +0 pair of gloves
Will    +....                   r - +0 pair of boots
Stlth   ++........              B - amulet of magic regeneration
HPRegen 0.19/turn               o - ring of protection from fire
MPRegen 0.57/turn               G - ring of willpower

@: no status effects
A: claws 1, ignite blood 2, powered by death 2
a: Renounce Religion


You were on level 9 of the Dungeon.
You worshipped Vehumet.
Vehumet was aware of your devotion.
You visited 2 branches of the dungeon, and saw 10 of its levels.

You collected 391 gold pieces.

Inventory:

Hand Weapons
 i - a +0 falchion of electrocution
 t - the +2 lajatang "Pih Ruff" (weapon) {freeze, rC+ SInv}
   (You found it on level 3 of the Dungeon)

   It freezes those it strikes, dealing additional cold damage.
   It can also slow down cold-blooded creatures.
   rC:        It protects you from cold.
   SInv:      It lets you see invisible.
Armour
 a - a +0 robe (worn)
 d - a +1 cloak (worn)
 r - a +0 pair of boots (worn)
 v - a +0 pair of gloves (worn)
 w - a +2 hat (worn)
 D - a scarf of repulsion
Magical Staves
 y - a staff of earth
Jewellery
 b - a ring of resist corrosion
 o - a ring of protection from fire (left hand)
 B - an amulet of magic regeneration (around neck)
 G - a ring of willpower (right hand)
 I - a ring of magical power
Wands
 C - a wand of quicksilver (9)
 E - a wand of mindburst (18)
 J - a wand of flame (23)
Scrolls
 c - 2 scrolls of teleportation
 f - a scroll of fog
 j - 4 scrolls of poison
 p - 3 scrolls of amnesia
Potions
 e - 3 potions of lignification
 g - 2 potions of haste
 h - 2 potions of curing
 k - a potion of cancellation
 l - 4 potions of mutation
 m - a potion of berserk rage {unknown}
 n - 3 potions of attraction
 q - 4 potions of ambrosia
 s - a potion of resistance {unknown}
 u - 5 potions of might
 x - 3 potions of brilliance {unknown}
 z - 2 potions of heal wounds {unknown}
 F - a potion of degeneration {unknown}


   Skills:
 + Level 1.5 Fighting
 + Level 0.2 Long Blades
 + Level 1.1 Staves
 + Level 2.9 Dodging
 - Level 1.7 Stealth
 + Level 8.0 Spellcasting
 + Level 5.5 Conjurations
 + Level 8.0 Fire Magic


You had 13 spell levels left.
You knew the following spells:

 Your Spells              Type           Power      Damage    Failure   Level
a - Foxfire               Conj/Fire      100%       2x1d9     1%          1
b - Scorch                Fire           84%        2d9       1%          2
c - Conjure Flame         Conj/Fire      37%        6-21      1%          3
d - Flame Wave            Conj/Fire      37%        2d10      4%          4
e - Shock                 Conj/Air       80%        1d8       2%          1

Your spell library contained the following spells:

 Spells                   Type           Power      Damage    Failure   Level
 Inner Flame              Hex/Fire       25%        N/A       4%          3
 Apportation              Tloc           16%        N/A       8%          1
 Necrotise                Necr           32%        1d5       8%          1
 Summon Small Mammal      Summ           32%        N/A       8%          1
 Dazzling Flash           Conj/Hex       40%        N/A       8%          3
 Ozocubu's Armour         Ice            8%         N/A       24%         3
 Agony                    Necr           8%         N/A       91%         5
 Silence                  Hex/Air        4%         N/A       91%         5
 Ozocubu's Refrigeration  Ice            4%         4d8       100%        7


Dungeon Overview and Level Annotations

Branches:
Dungeon (9/15)             Temple (1/1) D:6
   Lair: D:8-11         Orc: D:9-12

Altars:
Ashenzari
Cheibriados
Dithmenos
Fedhas
Gozag
Hepliaklqana
Kikubaaqudgha
Makhleb
Okawaru
Ru
Trog
Uskayaw
Vehumet
Wu Jian
Xom
Yredelemnul

Shops:
D:3 [

Annotations:
D:9 Harold


Innate Abilities, Weirdness & Mutations

You have sharp fingernails.
Your demonic aura often causes spilled blood to erupt in flames.
You regenerate health from kills.


Message History

Vehumet accepts your kill.
Harold the Weathered comes into view.
He is wielding a +6 vorpal long sword.
Your Spellcasting skill increases to level 8!
Your Fire Magic skill increases to level 8!
You see here a vampire mosquito corpse.
You see here a vampire mosquito corpse.
Harold throws a throwing net.
The throwing net closely misses you.
There is a stone staircase leading up here.
You see here a throwing net.
Harold fires a harpoon shot at you. The harpoon shot misses you.
You climb upwards.
There is a stone staircase leading down here.
Magic restored.
Done exploring.
You climb downwards.
Level annotation: Harold Harold hits you with a +6 vorpal long sword!
There is a stone staircase leading up, spattered with blood here.
You see here a throwing net.
Casting: Flame Wave (dangerous; 4% risk of failure)
Confirm with . or Enter, or press ? or * to list all spells.
Casting: Flame Wave (dangerous; 4% risk of failure)
Press: ? - help, Dir - look around, f - activate A wave of flame ripples out!
The flame wave engulfs Harold!
Harold is moderately wounded. (Press . to intensify the flame waves.) Harold hits you with a +6 vorpal long sword!
Unknown command.
A wave of flame ripples out!
The flame wave engulfs Harold!
Harold is moderately wounded.
Harold is engulfed in blazing flames.
Harold hits you with a +6 vorpal long sword!!
* * * LOW HITPOINT WARNING * * *
x2 Unknown command.
A wave of flame ripples out!
The flame wave engulfs Harold!
Harold is severely wounded.
You finish channelling waves of flame.
Harold is engulfed in blazing flames.
Harold hits you with a +6 vorpal long sword!
You die...

## .#
.. ##.
..
#.##
#..#
#†###
#.○@##
###.@#
##..#
#.#
...
##..
....
... ..


You could see Harold.

Vanquished Creatures
  Menkaure (D:7)
  3 vampire mosquitoes (D:9)
  2 water moccasins (D:8)
  2 orc warriors
  A sky beast (D:6)
  2 ice beasts (D:6)
  5 ogres
  A centaur (D:7)
  A phantom (D:6)
  3 bullfrogs
  8 scorpions
  A necrophage (D:6)
  A wight (D:6)
  5 hounds
  4 orc priests
  2 jellies (D:7)
  Jessica (D:2)
  An iguana (D:5)
  4 orc wizards
  3 gnolls
  6 adders
  3 worms (D:2)
  19 orcs
  8 bats
  9 endoplasms
  2 giant cockroaches
  4 goblins
  11 hobgoblins
  3 jackals (D:3)
  A kobold (D:4)
  5 quokkas
  5 ball pythons
  3 frilled lizards
  7 rats
137 creatures vanquished.

Vanquished Creatures (others)
  428 foxfires
428 creatures vanquished.

Grand Total: 565 creatures vanquished

Notes
Turn   | Place    | Note
-------+----------+-------------------------------------------
     0 | D:1      | funkygono the Demonspawn Fire Elementalist began the quest
                  | for the Orb.
     0 | D:1      | Reached XP level 1. HP: 13/13 MP: 3/3
   503 | D:1      | Found a faded altar of an unknown god.
   515 | D:1      | Gained mutation: You regenerate a little health from kills.
                  | [demonic ancestry]
   515 | D:1      | Reached XP level 2. HP: 19/19 MP: 3/5
   518 | D:1      | Learned a level 2 spell: Scorch
  1435 | D:2      | Found a shimmering altar of Xom.
  1443 | D:2      | Reached XP level 3. HP: 24/24 MP: 0/7
  2328 | D:2      | Gained mutation: Your demonic aura sometimes causes spilled
                  | blood to erupt in flames. [demonic ancestry]
  2328 | D:2      | Reached XP level 4. HP: 30/30 MP: 5/8
  2466 | D:2      | Noticed Jessica
  2468 | D:2      | Killed Jessica
  2755 | D:2      | Learned a level 3 spell: Conjure Flame
  2814 | D:3      | Found Lyrreom's Armour Shop.
  2902 | D:3      | Reached XP level 5. HP: 34/35 MP: 5/10
  3533 | D:3      | Identified the +2 lajatang "Pih Ruff" {freeze, rC+ SInv}
  3650 | D:3      | Identified the +4 quarterstaff "Cuvixkan" {flame, +Blink}
  3986 | D:3      | Learned a level 4 spell: Flame Wave
  4156 | D:4      | Noticed an ogre
  4160 | D:4      | Killed an ogre
  4161 | D:4      | Gained mutation: You regenerate health from kills. [demonic
                  | ancestry]
  4161 | D:4      | Reached XP level 6. HP: 42/42 MP: 6/11
  4528 | D:5      | Entered Level 5 of the Dungeon
  4864 | D:5      | Reached skill level 5 in Fire Magic
  4864 | D:5      | Reached XP level 7. HP: 47/47 MP: 2/13
  5533 | D:6      | Reached skill level 5 in Spellcasting
  5786 | D:6      | Gained mutation: Your demonic aura often causes spilled
                  | blood to erupt in flames. [demonic ancestry]
  5786 | D:6      | Reached XP level 8. HP: 30/53 MP: 8/16
  5794 | D:6      | Reached skill level 1 in Fighting
  6052 | D:6      | Found a staircase to the Ecumenical Temple.
  6068 | Temple   | Entered the Ecumenical Temple
  6170 | Temple   | Became a worshipper of Vehumet
  6412 | D:6      | Found a sacrificial altar of Ru.
  6479 | D:7      | Noticed Menkaure
  6483 | D:7      | Killed Menkaure
  6646 | D:7      | Reached skill level 1 in Staves
  6738 | D:7      | Gained mutation: You have sharp fingernails. [demonic
                  | ancestry]
  6738 | D:7      | Reached XP level 9. HP: 37/59 MP: 15/19
  7249 | D:7      | Identified the +2 pair of gloves of the Locust {rPois
                  | Slay-4 SInv}
  7687 | D:8      | Reached * piety under Vehumet
  7687 | D:8      | Offered knowledge of Shock by Vehumet.
  7691 | D:8      | Reached skill level 5 in Conjurations
  8261 | D:8      | Found a broken altar of Ashenzari.
  8261 | D:8      | Found an iron altar of Okawaru.
  8268 | D:8      | Learned a level 1 spell: Shock
  8340 | D:9      | Noticed Harold
  8358 | D:9      | Mangled by Harold

Illustrated notes

Levels and vault maps discovered:
D:1:      elethiomel_arrival_quiet, layout_basic, basic_ecumenical_altar,
          minmay_split_cup_large
D:2:      layout_loops_corners, basic_altar, grunt_ministairs_5, uniq_jessica
D:3:      layout_basic, mainiacjoe_overflow_brackets, serial_shops, shop
D:4:      layout_rooms
D:5:      layout_basic, minmay_holes, minmay_misc_feat_tiny
D:6:      layout_rooms, mainiacjoe_overflow_alcove_1, minmay_temple_entry_wispy,
          minmay_fractal_squares_diagonal_5
D:7:      layout_gridville, kennysheep_cross_bottleneck, uniq_menkaure
D:8:      layout_loops_ring, nicolae_overflow_hidden_temple
D:9:      layout_rooms, gammafunk_ghost_wrathful_warriors, serial_shops, shop,
          minmay_misc_feat_nine_boxes, guppyfry_shop_venom, uniq_harold
Temple:   regret_index_temple_waves

Skill      XL: |  1  2  3  4  5  6  7  8  9 |
---------------+----------------------------+-----
Fire Magic     | 3 4 5 6 7 8 |  8.0
Spellcasting   | 3 4 5 7 8 |  8.0
Conjurations   | 2 3 4 5 |  5.5
Dodging        | 2 |  2.9
Fighting       | 1 |  1.5
Staves         | 1 |  1.1
Long Blades    | |  0.2
Stealth        | |  1.7

Action                   |  1- 3 |  4- 6 |  7- 9 || total
-------------------------+-------+-------+-------++-------
Melee: Falchion          |    10 |     6 |       ||    16
       Lajatang          |       |     1 |    12 ||    13
 Cast: Foxfire           |    62 |    89 |    91 ||   242
       Scorch            |    11 |    16 |    22 ||    49
       Flame Wave        |       |       |    11 ||    11
  Use: Scroll            |       |    13 |     7 ||    20
       Potion            |       |       |     4 ||     4
Armor: Robe              |     3 |     5 |    10 ||    18
Dodge: Dodged            |    20 |     6 |    38 ||    64
